 Dungeon Crawl Stone Soup version 0.23.2-1-ga50397a (webtiles) character file.

Game seed: 6606366088118213526

207 whitewolfNL the Ruffian (level 5, -3/50 HPs)
             Began as a Troll Berserker on Apr 30, 2019.
             Was a Priest of Trog.
             Splashed by an oklob plant's acid (7 damage)
             ... on level 3 of the Dungeon.
             The game lasted 00:08:13 (2860 turns).

whitewolfNL the Ruffian (Troll Berserker)           Turns: 2860, Time: 00:08:16

Health: -3/50      AC:  3    Str: 25    XL:     5   Next: 54%
Magic:  4/4        EV:  6    Int:  3    God:    Trog [***...]
Gold:   214        SH: 15    Dex: 10    Spells: 4/4 levels left

rFire    . . .     SeeInvis .     - Unarmed
rCold    . . .     Gourm    +   c - +2 large shield
rNeg     . . .     Faith    .   a - +0 animal skin
rPois    .         Spirit   .   (helmet restricted)
rElec    .         Reflect  .   d - +0 cloak
rCorr    .         Harm     .   (gloves unavailable)
MR       .....                  (boots unavailable)
Stlth    +.........             m - amulet of regeneration
HPRegen  0.96/turn              (no ring)
MPRegen  0.09/turn              (no ring)

@: corroded
A: large, unfitting armour, claws 3, fast metabolism 3, gourmand, regeneration
1, shaggy fur 1, tough skin 3
a: Berserk, Trog's Hand, Renounce Religion


You were on level 3 of the Dungeon.
You worshipped Trog.
Trog was most pleased with you.
You were completely stuffed.

You visited 1 branch of the dungeon, and saw 3 of its levels.

You collected 214 gold pieces.

Inventory:

Missiles
 q - 66 arrows
Armour
 a - a +0 animal skin (worn)
 c - a +2 large shield (worn)
 d - a +0 cloak (worn)
Jewellery
 m - an amulet of regeneration (around neck)
Scrolls
 g - 4 scrolls of remove curse {unknown}
 h - a scroll of amnesia {unknown}
 i - 3 scrolls of teleportation {unknown}
 j - a scroll of magic mapping {unknown}
 r - a scroll of identify {unknown}
 s - a scroll of immolation {unknown}
 u - a scroll of fog {unknown}
Potions
 e - a potion of lignification {unknown}
 f - a potion of resistance {unknown}
 k - 2 potions of curing {unknown}
 l - a potion of brilliance {unknown}
 o - a potion of agility {unknown}
 p - a potion of might {unknown}
 t - 4 potions of invisibility {unknown}
Comestibles
 b - 9 rations
 n - 2 chunks of flesh


   Skills:
 + Level 2.5 Fighting
 * Level 1.6 Throwing
 + Level 2.7 Dodging
 * Level 0.9 Stealth
 * Level 2.0 Shields
 * Level 4.4 Unarmed Combat


You had 4 spell levels left.
You didn't know any spells.
Your spell library was empty.

Dungeon Overview and Level Annotations

Branches:
Dungeon (3/15)

Altars:
Cheibriados
Fedhas

Annotations:
D:3 exclusion: oklob plant


Innate Abilities, Weirdness & Mutations

You are too large for most types of armour.
You have claws for hands.
Your metabolism is lightning-fast.
You like to eat raw meat.
Your natural rate of healing is unusually fast.
You are covered in fur. (AC +1)
You have extremely tough skin. (AC +3)


Message History

You claw the oklob plant!
The oklob plant is heavily damaged.
You claw the oklob plant!
The oklob plant is severely damaged.
You claw the oklob plant!
The oklob plant is almost destroyed.
You scratch the oklob plant but do no damage.
The oklob plant is almost destroyed.
You completely miss the oklob plant.
The oklob plant is almost destroyed.
You scratch the oklob plant but do no damage.
The oklob plant is almost destroyed.
Unknown command.
You scratch the oklob plant but do no damage.
The oklob plant is almost destroyed.
The oklob plant spits acid at you. The splash of acid hits you!
* * * LOW HITPOINT WARNING * * *
You are splashed with acid!
You die... ...........# #.....# ####. ..>..####### ####..# #. ...).# #.<# #. ##.### ######..# #. #.# #.......# #. ### ## ######### ## PPP#PPP#P.P# #P♣PPP%P.P# P #P♣P. #PPPP.@PP# P

P#P.♣♣♣#PPPP...P# ##
P♣#PP.......PPPP.PP# #.
.PP..≈≈≈≈≈..P.P.P.# #.
PP..≈≈≈≈≈≈≈..P.PP.# ##
♣..≈≈≈≈≈≈≈≈≈..PPPP# #
#.≈≈≈≈≈≈≈≈≈≈≈.###P# #
##.≈≈≈≈...≈≈≈≈.PPP.# ########
...≈≈≈≈._......PPP♣#######...##.#


You could see an oklob plant.

Vanquished Creatures
  6 gnolls
  5 adders
  5 dart slugs
  2 leopard geckos (D:3)
  An orc (D:3)
  9 giant cockroaches
  10 goblins
  9 hobgoblins
  13 jackals
  9 bats
  3 frilled lizards
  7 kobolds
  13 rats
  A fungus (D:3)
93 creatures vanquished.

Vanquished Creatures (others)
  14 toadstools (D:3)
14 creatures vanquished.

Grand Total: 107 creatures vanquished

Notes
Turn   | Place    | Note
-------+----------+-------------------------------------------
     0 | D:1      | whitewolfNL the Troll Berserker began the quest for the
                  | Orb.
     0 | D:1      | Reached XP level 1. HP: 22/22 MP: 0/0
   116 | D:1      | Reached XP level 2. HP: 29/29 MP: 1/1
   394 | D:1      | Reached ** piety under Trog
   404 | D:1      | Reached XP level 3. HP: 36/36 MP: 2/2
  1074 | D:2      | Found a snail-covered altar of Cheibriados.
  1109 | D:2      | Reached skill level 1 in Throwing
  1114 | D:2      | Reached XP level 4. HP: 33/44 MP: 3/3
  1421 | D:2      | Reached skill level 1 in Shields
  1808 | D:2      | Reached skill level 4 in Unarmed Combat
  1823 | D:2      | Reached *** piety under Trog
  1886 | D:2      | Reached XP level 5. HP: 50/50 MP: 4/4
  2804 | D:3      | Found a blossoming altar of Fedhas.
  2828 | D:3      | Noticed an oklob plant
  2860 | D:3      | Splashed by an oklob plant's acid

Skill      XL: |  1  2  3  4  5 |
---------------+----------------+-----
Throwing       | 1 |  1.6
Shields        | 1 2 |  2.0
Unarmed Combat | 4 |  4.4
Fighting       | |  2.5
Dodging        | |  2.7
Stealth        | |  0.9

Action                   |  1- 3 |  4- 6 || total
-------------------------+-------+-------++-------
Melee: Unarmed           |   108 |   164 ||   272
Invok: Berserk           |     1 |       ||     1
 Stab: Sleeping          |     1 |     3 ||     4
  Eat: Chunk             |    14 |    19 ||    33
Armor: Animal skin       |    35 |    42 ||    77
Dodge: Dodged            |    35 |    27 ||    62
Block: Large shield      |    93 |   125 ||   218
